 Dungeon Crawl Stone Soup version 0.30-a0-939-gc8157cb160 (webtiles) character file.

Game seed: 994802463215152749

194047 Zdeegee the Thaumaturge (level 17, -1/123 HPs)
             Began as a Demonspawn Ice Elementalist on Mar 25, 2023.
             Was the Champion of Vehumet.
             Slain by a ghost moth (13 damage)
             ... on level 1 of the Spider Nest.
             The game lasted 02:49:44 (32585 turns).

Zdeegee the Thaumaturge (DsIE)                     Turns: 32585, Time: 02:49:44

Health: -1/123     AC: 16    Str:  4 (9)  XL:     17   Next: 66%
Magic:  0/35       EV: 13    Int: 23 (27) God:    Vehumet [******]
Gold:   2797       SH:  9    Dex: 11 (13) Spells: 1/45 levels left

rFire   + + .      SeeInvis .    E - +5 flail (spect)
rCold   + . .      Faith    .    V - +0 buckler
rNeg    + . .      Spirit   +    R - +2 leather armour {rC+ rF+}
rPois   +          Reflect  .    D - +2 helmet
rElec   .          Rampage  .    F - +2 cloak of Pessimism {rPois}
rCorr   .                        (gloves unavailable)
Will    +++..                    U - +0 pair of boots {Fly}
Stlth   +++                      L - amulet of magic regeneration
HPRegen 0.40/turn                u - ring of the Omega Point {Drain rF+ rN+ Will++ Int-2}
MPRegen 0.88/turn                y - ring of Agnosticism {Int+4 Slay+4}

@: about to teleport, flying
A: thin metallic scales 2, augmentation 2, magic shield, magic regeneration,
condensation shield, demonic touch 3
}: 1/15 runes: decaying
a: Renounce Religion


You were on level 1 of the Spider Nest.
You worshipped Vehumet.
Vehumet was exalted by your worship.
You visited 6 branches of the dungeon, and saw 28 of its levels.
You also visited: Sewer, Bailey and Ice Cave.

You collected 4329 gold pieces.
You spent 1532 gold pieces at shops.

Inventory:

Hand Weapons
 a - the +4 dagger of Certain Death {flame, +Blink Dex+5}
   (You bought it in a shop on level 2 of the Orcish Mines)

   Dex:       It affects your dexterity (+5).
   +Blink:    It lets you blink.
 q - a +0 eveningstar of freezing
 E - a +5 spectral flail (weapon)
 S - a +4 lajatang of electrocution
Missiles
 N - 2 throwing nets
Armour
 p - the +0 helmet "Buwig" {+Blink rC- Str+8 Dex-3}
   (You found it in an ice cave)

   Str:       It affects your strength (+8).
   Dex:       It affects your dexterity (-3).
   rC:        It makes you vulnerable to cold.
   +Blink:    It lets you blink.
 v - the +4 scale mail of Ifaxit {rN+ Will+}
   (You found it on level 5 of the Lair of Beasts)

   rN:        It protects you from negative energy.
   Will:      It increases your willpower.
 D - a +2 helmet (worn)
 F - the +2 cloak of Pessimism (worn) {rPois}
   (You found it on level 2 of the Lair of Beasts)

   rPois:     It protects you from poison.
 R - a +2 leather armour of resistance (worn)
 U - a +0 pair of boots of flying (worn)
 V - a +0 buckler (worn)
 X - a +1 robe of positive energy
 Z - a +0 troll leather armour
Jewellery
 f - a ring of protection from cold
 h - a ring of resist corrosion
 u - the ring of the Omega Point (left hand) {Drain rF+ rN+ Will++ Int-2}
   (You acquired it on level 4 of the Lair of Beasts)

   [ring of positive energy]

   Int:       It affects your intelligence (-2).
   rF:        It protects you from fire.
   rN:        It protects you from negative energy.
   Drain:     It drains your maximum health when unequipped.
   Will:      It greatly increases your willpower.
 w - a ring of wizardry
 y - the ring of Agnosticism (right hand) {Int+4 Slay+4}
   (You found it in an ice cave)

   [ring of slaying]

   Int:       It affects your intelligence (+4).
   Slay:      It affects your accuracy & damage with ranged weapons and melee
   (+4).
 A - an amulet of reflection
 L - an amulet of magic regeneration (around neck)
 T - a ring of poison resistance
Wands
 J - a wand of mindburst (10)
 O - a wand of flame (74)
 Y - a wand of iceblast (9)
Scrolls
 d - 5 scrolls of fear
 e - 4 scrolls of teleportation
 g - 3 scrolls of magic mapping
 j - 4 scrolls of poison
 l - 6 scrolls of enchant weapon
 m - 4 scrolls of fog
 r - 4 scrolls of blinking
 t - 8 scrolls of enchant armour
 z - 2 scrolls of amnesia
 M - a scroll of silence
 W - 2 scrolls of summoning
Potions
 b - 2 potions of magic
 c - 2 potions of berserk rage
 i - 10 potions of flight
 k - 6 potions of mutation
 n - 6 potions of lignification
 o - 2 potions of invisibility
 s - 6 potions of haste
 x - 2 potions of might
 C - 2 potions of resistance
 G - 9 potions of curing
 H - 4 potions of heal wounds
 I - 5 potions of brilliance
 K - 2 potions of cancellation
 Q - 3 potions of ambrosia
Miscellaneous
 B - a condenser vane
 P - a box of beasts


   Skills:
 + Level 8.3 Fighting
 + Level 3.1 Short Blades
 + Level 4.7 Maces & Flails
 + Level 4.9 Armour
 * Level 9.8 Dodging
 + Level 5.4 Stealth
 + Level 6.5 Shields
 + Level 14.7 Spellcasting
 * Level 10.9 Conjurations
 + Level 0.3 Hexes
 * Level 11.6 Necromancy
 * Level 14.5 Ice Magic
 + Level 1.7 Air Magic
 + Level 4.3 Earth Magic
 * Level 6.7 Evocations


You had one spell level left.
You knew the following spells:

 Your Spells              Type           Power      Damage    Failure   Level
a - Freeze                Ice            100%       1d10      0%          1
b - Frozen Ramparts       Ice            100%       1d16      1%          3
c - Orb of Destruction    Conj           30%        9d10      17%         7
d - Necrotise             Necr           100%       1d9       1%          1
e - Vampiric Draining     Necr           63%        2d10      1%          3
f - Ozocubu's Armour      Ice            71%        N/A       1%          3
g - Hailstorm             Conj/Ice       66%        3d14      1%          3
h - Simulacrum            Ice/Necr       33%        N/A       5%          6
i - Stone Arrow           Conj/Erth      100%       3d13      1%          3
j - Ozocubu's Refrigerat  Ice            35%        4d15      4%          7
k - Freezing Cloud        Conj/Ice/Air   28%        6-21      1%          5
l - Sublimation of Blood  Necr           63%        N/A       1%          2

Your spell library contained the following spells:

 Spells                   Type           Power      Damage    Failure   Level
 Chain Lightning          Conj/Air       23%        3d30      100%        9
 Fire Storm               Conj/Fire      21%        8d5       100%        9
 Shatter                  Erth           18%        3d17*     100%        9
 Foxfire                  Conj/Fire      100%       2x1d9     1%          1
 Sandblast                Erth           74%        2d16      1%          1
 Shock                    Conj/Air       100%       1d9       1%          1
 Slow                     Hex            72%        N/A       6%          1
 Ensorcelled Hibernation  Hex/Ice        100%       N/A       1%          2
 Static Discharge         Conj/Air       92%        2-6/arc   1%          2
 Agony                    Necr           63%        N/A       1%          5
 Iskenderun's Battlesphe  Conj           61%        2d11      1%          5
 Poisonous Vapours        Pois/Air       42%        N/A       2%          2
 Sticky Flame             Conj/Fire      42%        2d6       2%          4
 Ice Form                 Ice/Tmut       50%        N/A       3%          4
 Summon Ice Beast         Ice/Summ       50%        N/A       3%          4
 Passwall                 Tmut/Erth      21%        N/A       4%          2
 Arcjolt                  Conj/Air       23%        1d33      4%          5
 Ignite Poison            Fire/Tmut/Pois 16%        N/A       6%          3
 Anguish                  Hex/Necr       22%        N/A       6%          4
 Fireball                 Conj/Fire      21%        3d10      6%          5
 Airstrike                Air            12%        2d(2-18)  10%         4
 Lesser Beckoning         Tloc           32%        N/A       11%         2
 Swiftness                Air            25%        N/A       11%         3
 Confusing Touch          Hex            18%        N/A       19%         3
 Conjure Ball Lightning   Conj/Air       23%        3x3d6     21%         6
 Spider Form              Tmut/Pois      16%        N/A       22%         3
 Animate Armour           Summ/Erth      52%        N/A       30%         4
 Summon Lightning Spire   Summ/Air       21%        N/A       45%         4
 Passage of Golubria      Tloc           16%        N/A       58%         4
 Summon Mana Viper        Hex/Summ       17%        N/A       88%         5
 Summon Forest            Summ/Tloc      8%         N/A       90%         5
 Polar Vortex             Ice            35%        N/A       98%         9
 Haunt                    Necr/Summ      21%        N/A       99%         7
 Infestation              Necr           31%        N/A       99%         8
 Lehudib's Crystal Spear  Conj/Erth      25%        10d7      99%         8
 Summon Cactus Giant      Summ           8%         N/A       100%        6
 Enfeeble                 Hex            9%         N/A       100%        7
 Monstrous Menagerie      Summ           8%         N/A       100%        7
 Storm Form               Tmut/Air       10%        N/A       100%        7
 Ignition                 Fire           8%         3d5       100%        8
 Maxwell's Capacitive Co  Air            12%        ∞         100%        8


Dungeon Overview and Level Annotations

Branches:
Dungeon (15/15)            Temple (1/1) D:4            Lair (5/5) D:11
  Swamp (4/4) Lair:2       Spider (1/4) Lair:3        Slime (0/5) Lair:4
    Orc (2/2) D:9             Elf (0/3) Orc:2        Vaults (0/5) D:14
 Depths (0/4) D:15          Sewer (visited)          Bailey (visited)
  IceCv (visited)

Altars:
Ashenzari
Cheibriados
Dithmenos
Fedhas
Gozag
Hepliaklqana
Kikubaaqudgha
Makhleb
Nemelex Xobeh
Okawaru
Qazlal
Ru
Sif Muna
Trog
Uskayaw
Vehumet
Wu Jian
Xom
Yredelemnul
Jiyva

Shops:
D:2 !   D:6 ?   Orc:1 !!   Orc:2 (([!

Annotations:
D:5 2 transporters, cheesebisquit's ghost, novice DrFE
Lair:1 3 runed translucent doors, dufus's ghost, journeyman GnMo
Swamp:4 1 runed translucent door, Naurph's ghost, adept DjVM


Innate Abilities, Weirdness & Mutations

You are mostly covered in thin metallic scales. (AC +3)
Your magical and physical power is enhanced at high health.
When hurt, damage is shared between your health and your magic reserves.
You regenerate magic rapidly.
A meltable shield of frost defends you. (SH +4)
Your touch may irresistibly damage your foes and sap their willpower.


Message History

You block the demonic crawler's attack.
The demonic crawler hits you but does no damage.
The demonic crawler hits you.
You feel you are being watched by something.
You feel your power leaking away.
You are too injured to fight recklessly!
You are too injured to fight recklessly!
Unknown command.
You are too injured to fight recklessly!
Unknown command.
You are too injured to fight recklessly!
Unknown command.
You are too injured to fight recklessly!
You are too injured to fight recklessly!
Unknown command.
You barely miss the demonic crawler.
The demonic crawler is moderately wounded.
Your +5 spectral flail barely misses the demonic crawler.
The demonic crawler hits you! The demonic crawler hits you.
The demonic crawler hits you but does no damage.
Something barely misses you. Something hits you but does no damage.
Something stings you!
* * * LOW HITPOINT WARNING * * *
You feel clumsy. You block the demonic crawler's attack.
The demonic crawler completely misses you.
The demonic crawler hits you!
* * * LOW HITPOINT WARNING * * *
As you read the scroll of teleportation, it crumbles to dust.
You feel strangely unstable. You block something's attack.
Something hits you but does no damage.
Something stings you but does no damage.
The demonic crawler hits you.
* * * LOW HITPOINT WARNING * * *
The demonic crawler hits you!
* * * LOW HITPOINT WARNING * * *
The demonic crawler hits you.
* * * LOW HITPOINT WARNING * * *
Something hits you but does no damage. Something hits you!
You die...

*,***,,,.#....?...
*,,,*****#........
###,,,,,^*##.......
#§##,,,,**,........
##..##****#,,,,,*,*,
#....####..,,,,*~~~*
#..........,,,,~~~**
#..§.......^,,*****
##.@s..^...,***
##########**


You could see a demonic crawler.

Vanquished Creatures
  Jorgrun (D:15)
  Agnes (D:13)
  Frances (D:14)
  A thorn hunter (Swamp:3)
  A draconian knight (IceCv)
  An orc warlord (Orc:1)
  A ghoul (Swamp:2)
  Azrael (D:14)
  3 eleionomae (Swamp:1)
  4 bunyips
  2 dire elephants (Swamp:2)
  5 white draconians (IceCv)
  Josephine (D:10)
  25 hydras
  An entropy weaver (Spider:1)
  Erolcha (D:11)
  A rakshasa (D:15)
  A catoblepas (D:14)
  The ghost of Vade Gum the Slicer, a journeyman DsGl of Uskayaw (Lair:3)
  7 centaur warriors
  4 ghost crabs
  A merfolk avatar (Swamp:1)
  7 two-headed ogres
  A jorogumo (Spider:1)
  8 alligators
  11 boulder beetles
  3 tengu warriors
  2 death yaks (Lair:5)
  An orc high priest (Orc:1)
  A deep elf knight (Swamp:3)
  2 pharaoh ants
  A fire crab (Lair:5)
  2 spriggan druids (Swamp:3)
  9 bog bodies
  A glowing orange brain (D:15)
  An orange crystal statue (IceCv)
  3 goliath frogs
  11 swamp dragons
  5 orc knights
  4 spectral wolf spiders (Spider:1)
  A deep elf archer (Swamp:3)
  3 orb spiders (Spider:1)
  A lindwurm (Lair:5)
  A wizard (D:15)
  A deep elf zephyrmancer (D:14)
  A necromancer (D:13)
  8 wolf spiders (Spider:1)
  2 deep elf pyromancers
  3 wolf spider zombies (Spider:1)
  14 ugly things
  2 manticores
  3 will-o-the-wisps
  A cyclops (D:12)
  A salamander (shapeshifter) (D:14)
  A guardian serpent (shapeshifter) (D:15)
  23 elephants
  An ice statue (Spider:1)
  7 black mambas
  A torpor snail (Lair:1)
  12 cane toads
  A water nymph (shapeshifter) (D:15)
  A gargoyle (D:11)
  Joseph (D:7)
  An unseen horror (D:11)
  5 storm dragon simulacra (IceCv)
  9 komodo dragons
  A kobold demonologist (D:12)
  2 freezing wraiths
  6 rime drakes
  3 golden dragon simulacra (IceCv)
  11 trolls
  12 polar bears
  A bloated husk (Swamp:2)
  A polar bear (shapeshifter) (D:13)
  8 tyrant leeches
  3 meliai (D:14)
  7 hornets
  Grinder (D:6)
  25 blink frogs
  5 tarantellas
  2 dream sheep (Lair:5)
  7 jumping spiders
  2 shadows
  8 spriggans
  5 slime creatures (D:15)
  4 wyverns
  6 wraiths
  2 culicivoras (Spider:1)
  Eustachio (D:6)
  25 yaks
  A vampire (D:9)
  2 fire elementals (D:14)
  3 basilisks
  A steam dragon (D:9)
  13 redbacks (Spider:1)
  12 vampire mosquitoes
  7 wargs
  13 swamp worms
  3 acid dragons
  19 water moccasins
  Duvessa (D:4)
  22 hell hounds
  A meliai simulacrum (D:15)
  42 orc warriors
  4 swamp drakes (Swamp:4)
  15 black bears
  2 ice beasts
  A sky beast (D:7)
  3 ogres
  A boggart (Lair:3)
  4 ice dragon simulacra (IceCv)
  18 wolves (Lair:5)
  28 centaurs
  A phantom (D:4)
  3 kobold brigands
  19 bullfrogs
  3 gnoll sergeants
  6 wights
  Dowan (D:4)
  9 lindwurm simulacra (IceCv)
  12 killer bees
  3 howler monkeys
  An electric eel (Lair:3)
  6 hounds
  A jelly (D:5)
  3 gnoll boudas
  A sleepcap (D:4)
  10 orc priests
  3 iguanas
  A hell rat (Lair:5)
  11 orc wizards
  6 polar bear simulacra (D:13)
  2 yak simulacra (D:13)
  A wolf simulacrum (D:13)
  Robin (D:4)
  27 gnolls
  6 adders
  8 river rats (Sewer)
  2 white imps (D:6)
  2 ufetubi
  A dart slug (D:4)
  62 orcs
  9 endoplasms
  8 giant cockroaches
  17 goblins
  8 hobgoblins
  A jackal (D:1)
  40 kobolds
  9 quokkas
  10 ball pythons
  2 frilled lizards
  18 rats
  2 river rat simulacra (D:13)
943 creatures vanquished.

Vanquished Creatures (collateral kills)
  the Lernaean hydra (Swamp:4)
  Gastronok (D:12)
  Snorg (D:14)
  A catoblepas (Lair:5)
  4 hydras
  Erica (Orc:1)
  A death yak (Lair:5)
  2 slime creatures (D:15)
  4 swamp dragons (Swamp:4)
  A lindwurm (Lair:5)
  A wolf spider (Lair:5)
  2 manticores (Lair:5)
  A wolf spider zombie (Spider:1)
  A rime drake (Lair:5)
  A basilisk (Lair:5)
  A wraith (D:12)
  4 swamp worms (Swamp:1)
  2 swamp drakes (Swamp:4)
  An orc warrior (Orc:1)
  An ogre (Orc:1)
  An orc priest (Orc:2)
  2 orcs
  A fungus (Lair:5)
36 creatures vanquished.

Vanquished Creatures (others)
  10 foxfires
  34 fungi
  53 plants
  3 toadstools (D:5)
  23 withered plants (Swamp:2)
123 creatures vanquished.

Grand Total: 1102 creatures vanquished

Notes
Turn   | Place    | Note
-------+----------+-------------------------------------------
     0 | D:1      | Zdeegee the Demonspawn Ice Elementalist began the quest for
                  | the Orb.
     0 | D:1      | Reached XP level 1. HP: 13/13 MP: 3/3
   370 | D:1      | Gained mutation: You are partially covered in thin metallic
                  | scales. (AC +2) [demonic ancestry]
   370 | D:1      | Reached XP level 2. HP: 19/19 MP: 3/5
  1157 | D:2      | Reached XP level 3. HP: 14/24 MP: 2/6
  1298 | D:2      | Found Quilescho's Distillery.
  1328 | D:2      | Bought a potion of heal wounds for 55 gold pieces
  1333 | D:2      | Got Tavvaz's Thoughts on the Salvo
  1340 | D:2      | Learned a level 3 spell: Frozen Ramparts
  1747 | D:2      | Learned a level 2 spell: Ensorcelled Hibernation
  2270 | D:3      | Reached XP level 4. HP: 30/30 MP: 5/7
  2331 | D:4      | Noticed Robin
  2334 | D:4      | Reached skill level 1 in Short Blades
  2372 | D:4      | Killed Robin
  2504 | D:4      | Gained mutation: Your touch may inflict minor irresistible
                  | damage on your foes. [demonic ancestry]
  2504 | D:4      | Reached XP level 5. HP: 33/35 MP: 8/8
  2648 | D:4      | Reached skill level 1 in Shields
  2649 | D:4      | Reached skill level 1 in Maces & Flails
  2715 | D:4      | Noticed a phantom
  2718 | D:4      | Learned a level 1 spell: Necrotise
  2731 | D:4      | Killed a phantom
  2732 | D:4      | Reached XP level 6. HP: 38/41 MP: 3/9
  3027 | D:4      | Noticed Dowan
  3047 | D:4      | Killed Dowan
  3048 | D:4      | Reached skill level 5 in Stealth
  3051 | D:4      | Noticed Duvessa
  3061 | D:4      | Killed Duvessa
  3062 | D:4      | Gained mutation: A meltable shield of frost defends you.
                  | (SH +4) [demonic ancestry]
  3062 | D:4      | Reached XP level 7. HP: 11/46 MP: 0/10
  3278 | D:4      | Found a staircase to the Ecumenical Temple.
  3286 | Temple   | Entered the Ecumenical Temple
  3567 | Temple   | Became a worshipper of Vehumet
  3810 | D:2      | Bought a potion of curing for 33 gold pieces
  3810 | D:2      | Bought a potion of heal wounds for 55 gold pieces
  3810 | D:2      | Bought a potion of heal wounds for 55 gold pieces
  3938 | D:5      | Entered Level 5 of the Dungeon
  4271 | D:5      | Found a glowing drain.
  4310 | D:5      | Found a transporter.
  4390 | Sewer    | Entered a sewer
  4656 | Sewer    | Reached * piety under Vehumet
  4656 | Sewer    | Offered knowledge of Magic Dart by Vehumet.
  5185 | Sewer    | Learned a level 3 spell: Vampiric Draining
  5387 | D:5      | Reached skill level 1 in Fighting
  5488 | D:5      | Found a transporter.
  5491 | D:5      | Noticed cheesebisquit's ghost (novice DrFE)
  5632 | D:5      | Reached skill level 1 in Conjurations
  5697 | D:5      | Reached skill level 1 in Necromancy
  5697 | D:5      | Reached XP level 8. HP: 26/54 MP: 12/12
  5952 | D:5      | Offered knowledge of Kiss of Death by Vehumet.
  6168 | D:5      | Reached ** piety under Vehumet
  6492 | D:5      | Learned a level 3 spell: Ozocubu's Armour
  6682 | D:6      | Noticed Grinder
  6863 | D:6      | Paralysed by Grinder for 2 turns
  6869 | D:6      | Paralysed by Grinder for 5 turns
  6875 | D:6      | Killed Grinder
  7135 | D:6      | Reached skill level 5 in Ice Magic
  7183 | D:6      | Found Itudwa Taghe's Magic Scroll Emporium.
  7197 | D:6      | Gained mutation: You regenerate magic rapidly. [demonic
                  | ancestry]
  7197 | D:6      | Reached XP level 9. HP: 48/62 MP: 12/15
  7245 | D:6      | Bought a scroll of blinking for 105 gold pieces
  7245 | D:6      | Bought a scroll of blinking for 105 gold pieces
  7487 | D:6      | Noticed Eustachio
  7504 | D:6      | Killed Eustachio
  7504 | D:6      | Offered knowledge of Hailstorm by Vehumet.
  7509 | D:6      | Learned a level 3 spell: Hailstorm
  7586 | D:7      | Noticed a komodo dragon
  7606 | D:7      | Killed a komodo dragon
  7645 | D:7      | Found a hide-covered altar of Uskayaw.
  7696 | D:7      | Noticed Joseph
  7714 | D:7      | Killed Joseph
  7715 | D:7      | Reached skill level 5 in Spellcasting
  7830 | D:7      | Reached *** piety under Vehumet
  8151 | D:7      | Noticed a two-headed ogre
  8158 | D:7      | Killed a two-headed ogre
  8159 | D:7      | Reached XP level 10. HP: 50/70 MP: 12/18
  8510 | D:8      | Found a flagged portal.
  8646 | Bailey   | Entered a bailey
  8663 | Bailey   | Noticed an orc knight
  8700 | Bailey   | Offered knowledge of Olgreb's Toxic Radiance by Vehumet.
  8807 | Bailey   | Killed an orc knight
  8808 | Bailey   | Reached skill level 1 in Armour
  8994 | Bailey   | Got the Anthology of the Postmortem Dose
  9430 | D:8      | Paralysed by a hornet for 3 turns
  9630 | D:8      | Reached skill level 5 in Shields
  9738 | D:6      | Bought a scroll of teleportation for 42 gold pieces
  9738 | D:6      | Bought a scroll of fear for 56 gold pieces
 10143 | D:9      | Found a staircase to the Orcish Mines.
 10148 | D:9      | Noticed a two-headed ogre
 10248 | D:9      | Reached **** piety under Vehumet
 10252 | D:9      | Offered knowledge of Iskenderun's Battlesphere by Vehumet.
 10252 | D:9      | Noticed a white ugly thing
 10266 | D:9      | Killed a white ugly thing
 10469 | D:9      | Reached skill level 5 in Necromancy
 10611 | D:9      | Learned a level 5 spell: Iskenderun's Battlesphere
 11025 | D:9      | Killed a two-headed ogre
 11026 | D:9      | Gained mutation: When hurt, damage is shared between your
                  | health and your magic reserves. [demonic ancestry]
 11026 | D:9      | Reached XP level 11. HP: 67/78 MP: 2/22
 11343 | D:10     | Entered Level 10 of the Dungeon
 11393 | D:10     | Noticed a tengu warrior
 11404 | D:10     | Killed a tengu warrior
 11658 | D:10     | Noticed a two-headed ogre
 11660 | D:10     | Reached skill level 5 in Conjurations
 11660 | D:10     | Noticed Josephine
 11666 | D:10     | Killed a two-headed ogre
 11679 | D:10     | Killed Josephine
 11680 | D:10     | Reached skill level 5 in Fighting
 11964 | D:10     | Reached ***** piety under Vehumet
 12249 | D:11     | Found a staircase to the Lair.
 12261 | D:11     | Offered knowledge of Lee's Rapid Deconstruction by Vehumet.
 12639 | D:11     | Noticed a two-headed ogre
 12650 | D:11     | Killed a two-headed ogre
 13013 | D:11     | Noticed a boulder beetle
 13089 | D:11     | Killed a boulder beetle
 13090 | D:11     | Reached skill level 5 in Dodging
 13247 | D:11     | Noticed Erolcha
 13261 | D:11     | Killed Erolcha
 13779 | Lair:1   | Entered Level 1 of the Lair of Beasts
 13784 | Lair:1   | Learned a level 3 spell: Stone Arrow
 13912 | Lair:1   | Gained mutation: You are mostly covered in thin metallic
                  | scales. (AC +3) [demonic ancestry]
 13912 | Lair:1   | Reached XP level 12. HP: 79/86 MP: 24/24
 14165 | Lair:1   | Found a runed translucent gate.
 14165 | Lair:1   | Found a runed translucent gate.
 14165 | Lair:1   | Found a runed translucent gate.
 14166 | Lair:1   | Noticed a ten-headed hydra
 14167 | Lair:1   | Noticed an 11-headed hydra
 14167 | Lair:1   | Noticed dufus's ghost (journeyman GnMo)
 14352 | Lair:1   | Noticed a boulder beetle
 14386 | Lair:1   | Killed a boulder beetle
 14731 | Lair:1   | Noticed a boulder beetle
 14775 | Lair:1   | Killed a boulder beetle
 15257 | Lair:2   | Found a staircase to the Swamp.
 15514 | Lair:2   | Noticed an eight-headed hydra
 15523 | Lair:2   | Killed an eight-headed hydra
 15524 | Lair:2   | Noticed a boulder beetle
 15542 | Lair:2   | Killed a boulder beetle
 15626 | Lair:2   | Identified the +2 cloak of Pessimism {rPois}
 15718 | Lair:2   | Reached skill level 10 in Spellcasting
 15861 | Lair:2   | Gained mutation: Your magical and physical power is
                  | slightly enhanced at high health. [demonic ancestry]
 15861 | Lair:2   | Reached XP level 13. HP: 90/94 MP: 5/27
 16077 | Lair:2   | Offered knowledge of Fulminant Prism by Vehumet.
 16160 | Lair:2   | Reached skill level 10 in Ice Magic
 16613 | Lair:3   | Found a runed translucent door.
 16614 | Lair:3   | Noticed Vade Gum's ghost (journeyman DsGl)
 16619 | Lair:3   | Identified the +3 spear of the Lair of Beasts {protect,
                  | rCorr Dex-4 Stlth+}
 16711 | Lair:3   | Found a hole to the Spider Nest.
 17042 | Lair:3   | Reached skill level 1 in Earth Magic
 17390 | Lair:3   | Killed Vade Gum's ghost
 18142 | Lair:4   | Found a viscous altar of Jiyva.
 18143 | Lair:4   | Identified 2 scrolls of acquirement
 18143 | Lair:4   | Acquired the ring of the Omega Point {Drain rF+ rN+ Will++
                  | Int-2}
 18157 | Lair:4   | Found a staircase to the Slime Pits.
 18187 | Lair:5   | Entered Level 5 of the Lair of Beasts
 18280 | Lair:5   | Reached XP level 14. HP: 103/103 MP: 19/29
 18560 | Lair:5   | Offered knowledge of Spellforged Servitor by Vehumet.
 18709 | Lair:5   | Identified the +4 scale mail of Ifaxit {rN+ Will+}
 19168 | Lair:5   | Identified the +0 shadow dragon scales of Biadatam {Str+2
                  | Stlth++++}
 19260 | Lair:5   | Offered knowledge of Ozocubu's Refrigeration by Vehumet.
 19312 | Lair:5   | Learned a level 7 spell: Ozocubu's Refrigeration
 19318 | Lair:5   | Learned a level 5 spell: Freezing Cloud
 19319 | Lair:5   | Acquired 901 gold pieces
 19431 | Lair:5   | Learned a level 6 spell: Simulacrum
 20267 | Orc:1    | Entered Level 1 of the Orcish Mines
 20359 | Orc:1    | Noticed Erica
 20365 | Orc:1    | Killed Erica
 20552 | Orc:1    | Found Zovvewak's Distillery.
 20560 | Orc:1    | Bought a potion of heal wounds for 70 gold pieces
 20560 | Orc:1    | Bought a potion of haste for 140 gold pieces
 20560 | Orc:1    | Bought a potion of curing for 42 gold pieces
 20560 | Orc:1    | Bought a potion of cancellation for 112 gold pieces
 20560 | Orc:1    | Bought a potion of invisibility for 112 gold pieces
 20560 | Orc:1    | Bought a potion of curing for 42 gold pieces
 20607 | Orc:1    | Found Jiremy's Distillery.
 20615 | Orc:1    | Bought a potion of magic for 96 gold pieces
 20615 | Orc:1    | Bought a potion of heal wounds for 60 gold pieces
 20800 | Orc:1    | Noticed an orc warlord
 20924 | Orc:1    | Killed an orc warlord
 21050 | Orc:2    | Entered Level 2 of the Orcish Mines
 21050 | Orc:2    | Found a staircase to the Elven Halls.
 21195 | Orc:2    | Gained mutation: Your touch may inflict irresistible damage
                  | on your foes. [demonic ancestry]
 21195 | Orc:2    | Reached XP level 15. HP: 105/110 MP: 20/31
 21740 | Orc:2    | Reached ****** piety under Vehumet
 21774 | Orc:2    | Found Tyla's Antique Weapon Boutique.
 21774 | Orc:2    | Found Inyirown's Armour Emporium.
 21774 | Orc:2    | Found Videumap's Distillery.
 21777 | Orc:2    | Found Imydu's Weapon Shop.
 21784 | Orc:2    | Bought a potion of heal wounds for 65 gold pieces
 21865 | Orc:2    | Bought a brightly glowing dagger for 287 gold pieces
 21865 | Orc:2    | Identified the +4 dagger of Certain Death {flame, +Blink
                  | Dex+5} (You bought it in a shop on level 2 of the Orcish
                  | Mines)
 22063 | D:12     | Offered knowledge of Plasma Beam by Vehumet.
 22405 | D:12     | Noticed Gastronok
 22414 | D:12     | Killed Gastronok
 22728 | D:12     | Identified the +1 scale mail of the Monkey {Int+3}
 23079 | D:13     | Reached skill level 1 in Evocations
 24103 | D:14     | Reached skill level 10 in Necromancy
 24125 | D:14     | Noticed Frances
 24129 | D:14     | Killed Frances
 24312 | D:14     | Noticed Agnes
 24318 | D:14     | Noticed Azrael
 24484 | D:13     | Killed Agnes
 24485 | D:13     | Reached skill level 1 in Air Magic
 24597 | D:14     | Killed Azrael
 24786 | D:14     | Learned a level 2 spell: Sublimation of Blood
 25018 | D:14     | Noticed Snorg
 25039 | D:14     | Killed Snorg
 25228 | D:14     | Found a gate to the Vaults.
 25233 | D:14     | Offered knowledge of Eringya's Noxious Bog by Vehumet.
 25290 | D:15     | Entered Level 15 of the Dungeon
 25577 | D:15     | Noticed Jorgrun
 25580 | D:15     | Gained mutation: Your magical and physical power is
                  | enhanced at high health. [demonic ancestry]
 25580 | D:15     | Reached XP level 16. HP: 116/117 MP: 28/33
 25583 | D:15     | Killed Jorgrun
 26120 | D:15     | Found a staircase to the Depths.
 26322 | Swamp:1  | Entered Level 1 of the Swamp
 26917 | Swamp:1  | Got Sif Muna's Handbook of the Voyage and Bombardment
 26924 | Swamp:1  | You are sucked into a shaft and drop 1 floor!
 27128 | Swamp:2  | Offered knowledge of Starburst by Vehumet.
 28003 | Swamp:3  | Reached skill level 10 in Conjurations
 28360 | Swamp:3  | Noticed a thorn hunter
 28364 | Swamp:3  | Killed a thorn hunter
 28759 | Swamp:4  | Entered Level 4 of the Swamp
 28794 | Swamp:4  | Found a runed translucent door.
 28794 | Swamp:4  | Noticed Naurph's ghost (adept DjVM)
 28817 | Swamp:4  | Reached skill level 5 in Evocations
 29454 | Swamp:4  | Gained mutation: Your touch may irresistibly damage your
                  | foes and sap their willpower. [demonic ancestry]
 29454 | Swamp:4  | Reached XP level 17. HP: 122/122 MP: 22/35
 29586 | Swamp:4  | Noticed the 27-headed Lernaean hydra
 29587 | Swamp:4  | Killed the 27-headed Lernaean hydra
 29712 | Swamp:4  | Got a decaying rune of Zot
 29930 | Spider:1 | Entered Level 1 of the Spider Nest
 29951 | Spider:1 | Offered knowledge of Fire Storm by Vehumet.
 29951 | Spider:1 | Offered knowledge of Shatter by Vehumet.
 29951 | Spider:1 | Offered knowledge of Chain Lightning by Vehumet.
 29989 | Spider:1 | Learned a level 7 spell: Orb of Destruction
 30034 | Spider:1 | HP: 1/119 [radroach (35)]
 30342 | Spider:1 | Found a frozen archway.
 30463 | IceCv    | Entered an ice cave
 31577 | IceCv    | Identified the ring of Agnosticism {Int+4 Slay+4}
 31599 | IceCv    | Identified the +0 helmet "Buwig" {+Blink rC- Str+8 Dex-3}
 32585 | Spider:1 | Slain by a ghost moth

Illustrated notes

Levels and vault maps discovered:
D:1:      dpeg_arrival_brainrot, layout_basic
D:2:      layout_basic, serial_shops, shop
D:3:      layout_basic, serial_glass, glass_columns_b, glass_columns_a,
          minmay_strange_pillars, due_unseen_surprise
D:4:      layout_rooms, minmay_temple_entry_trees, cheibrodos_gnoll_hut,
          uniq_duvessa, uniq_robin
D:5:      layout_layer_cave, portal_sewer_entry_f, gammafunk_ghost_stat_death,
          minmay_gold_behind_fungi, amcnicky_mini_pool_medium
D:6:      layout_basic, serial_shops, nicolae_stop_n_shop_2,
          nicolae_benzene_ring, hangedman_decor_peaks_small, dk_noncrumbling_2,
          uniq_grinder, uniq_eustachio
D:7:      layout_basic, mainiacjoe_overflow_small_starburst, minivault_23,
          minmay_checkerbox, uniq_joseph
D:8:      layout_cave_pools, enter_bailey_6, kennysheep_generic_room_4
D:9:      layout_basic, orc_0_dummy, minmay_fractal_squares_gapless_5
D:10:     layout_roguey, kennysheep_generic_room_11, uniq_josephine
D:11:     layout_grid_maze, lair_entry_dummy, minmay_misc_feat_ornament,
          uniq_erolcha
D:12:     layout_cave_pods, uniq_gastronok
D:13:     layout_roguey, eino_house_with_fridge
D:14:     layout_big_octagon, david_vaults_1, minmay_misc_feat_roman,
          uniq_agnes, uniq_snorg, uniq_frances, uniq_azrael
D:15:     gammafunk_enter_depths_forms, layout_long_grid,
          minmay_misc_feat_plants, uniq_jorgrun
Temple:   roderic_octagonal_lattice_temple
Lair:1:   layout_gridlike, gammafunk_ghost_hydra_chop, grunt_megastairs_4
Lair:2:   nzn_winding_woodlands_three_and_one
          [nzn_winding_woodlands_5x15_default,
          nzn_winding_woodlands_5x15_zeroes, nzn_winding_woodlands_5x15_parted,
          nzn_winding_woodlands_center_triple_pond], layout_regular_city,
          swamp_mist, st_stairs_7, serial_bayou_shore_a
Lair:3:   layout_gridlike, nicolae_spider_entry_lesser_pyramids,
          ebering_ghost_funeral_grove, eino_small_chamber_without_monster,
          grunt_megastairs_3, lemuel_fruit_tree
Lair:4:   layout_long_grid, dpeg_slime_entry_corner
Lair:5:   hangedman_lair_caniforms_friends, layout_cave_pods,
          hangedman_lair_in_review
Swamp:1:  layout_basic_swamp, hangedman_swamp_lotus, swamp_pool4,
          grunt_lady_of_the_lake
Swamp:2:  layout_basic_swamp, evilmike_swamp_ruin_house_5, st_shrine_of_shade
Swamp:3:  layout_basic_swamp, evilmike_swamp_ruin_rubble_2, swamp_pool4,
          beargit_elvish_explorers, infiniplex_staircase_pool_2
Swamp:4:  swamp_old_school, layout_basic_swamp, hellmonk_ghost_happy_afterlife
Spider:1: layout_spider_delve, portal_ice_cave_entry_ice_statue_one,
          nicolae_spider_undead_wolf_pack
Orc:1:    layout_diamond_mine, serial_shops, nicolae_shop_advertising_works
          [nicolae_subvault_shop_adworks], nicolae_diamond_shop,
          bh_open_orc_temple, uniq_erica
Orc:2:    st_orc_rangers, layout_caves

Skill      XL: |  1  2  3  4  5  6  7  8  9 10 11 12 13 14 15 16 17 |
---------------+----------------------------------------------------+-----
Stealth        | 2 3 4 5 |  5.4
Short Blades   | 1 2 3 |  3.1
Shields        | 1 2 3 4 5 6 |  6.5
Maces & Flails | 1 2 3 4 |  4.7
Fighting       | 1 2 3 4 5 6 7 8 |  8.3
Conjurations   | 1 2 3 4 5 6 7 8 9 10 | 10.9
Ice Magic      | 4 5 6 7 8 9 10 11 12 13 14 | 14.5
Necromancy     | 1 2 4 5 6 7 9 10 11 | 11.6
Spellcasting   | 4 5 7 8 10 11 12 13 14 | 14.7
Dodging        | 2 3 4 5 6 7 8 9 |  9.8
Armour         | 1 2 3 4 |  4.9
Earth Magic    | 1 2 3 4 |  4.3
Evocations     | 3 5 6 |  6.7
Air Magic      | 1 |  1.7
Hexes          | |  0.3

Action                     |  1- 3 |  4- 6 |  7- 9 | 10-12 | 13-15 | 16-18 || total
---------------------------+-------+-------+-------+-------+-------+-------++-------
  Melee: Unarmed           |     1 |       |     5 |       |       |       ||     6
         Short sword       |    21 |    40 |       |       |       |       ||    61
         Mace              |       |    48 |   108 |   204 |    94 |    31 ||   485
         Touch             |       |     4 |    17 |     5 |       |       ||    26
         Punch             |       |       |     1 |       |       |       ||     1
         Flail             |       |       |       |       |       |    17 ||    17
         Dagger            |       |       |       |       |       |     2 ||     2
   Cast: Freeze            |    37 |    30 |   106 |   136 |   101 |     1 ||   411
         Frozen Ramparts   |       |     5 |    25 |    63 |    53 |     2 ||   148
         Necrotise         |       |    14 |    13 |    14 |       |       ||    41
         Ozocubu's Armour  |       |       |     9 |    27 |    14 |     2 ||    52
         Vampiric Draining |       |       |     5 |    25 |    12 |       ||    42
         Hailstorm         |       |       |     2 |    60 |    33 |       ||    95
         Ensorcelled Hiber |       |       |       |    12 |       |       ||    12
         Iskenderun's Batt |       |       |       |     8 |     2 |       ||    10
         Stone Arrow       |       |       |       |    37 |   432 |   251 ||   720
         Simulacrum        |       |       |       |       |    38 |    10 ||    48
         Freezing Cloud    |       |       |       |       |    62 |    77 ||   139
         Ozocubu's Refrige |       |       |       |       |    80 |   108 ||   188
         Orb of Destructio |       |       |       |       |       |    12 ||    12
  Evoke: Wand              |       |       |     6 |    17 |     2 |    19 ||    44
         Box of beasts     |       |       |       |       |     1 |     1 ||     2
         Condenser vane    |       |       |       |       |       |     1 ||     1
    Use: Scroll            |     4 |       |     2 |    10 |    13 |     9 ||    38
         Potion            |       |     2 |       |     1 |     3 |    11 ||    17
   Stab: Sleeping          |     6 |     1 |     2 |     3 |     1 |       ||    13
         Distracted        |       |       |       |       |       |     1 ||     1
 Armour: Robe              |     8 |    39 |    67 |       |       |       ||   114
         Skin              |       |    79 |     2 |       |       |       ||    81
         Leather armour    |       |       |    18 |   165 |       |   109 ||   292
         Troll leather arm |       |       |       |    11 |   291 |    34 ||   336
         Shadow dragon sca |       |       |       |       |     6 |       ||     6
  Dodge: Dodged            |    15 |    54 |   153 |   211 |   318 |   221 ||   972
  Block: Other             |     1 |    46 |    74 |    34 |       |       ||   155
         Buckler           |       |       |       |   239 |   292 |   133 ||   664
         Reflection        |       |       |       |    16 |       |       ||    16

Table legend: (Time is in decaauts)
 A = Elapsed time spent in this place.
 B = Non-inter-level travel time spent in this place.
 C = Inter-level travel time spent in this place.
 D = Time resting spent in this place.
 E = Time spent auto-exploring this place.
 F = Levels seen in this place.
 G = Mean time per level.
                   A        B        C        D        E       F      G
               +--------+--------+--------+--------+--------+-----+--------+
         Total |  32798 |  31117 |   1681 |   3335 |  20827 |  31 | 1058.0 |
       Dungeon |  16453 |  15371 |   1082 |   1051 |  11496 |  15 | 1096.9 |
        Temple |    305 |    265 |     40 |      0 |    243 |   1 |  305.0 |
          Lair |   6783 |   6461 |    322 |    302 |   4459 |   5 | 1356.6 |
         Swamp |   3564 |   3430 |    134 |    377 |   2328 |   4 |  891.0 |
   Spider Nest |    753 |    753 |      0 |    434 |     50 |   1 |  753.0 |
  Orcish Mines |   1646 |   1545 |    101 |    180 |    939 |   2 |  823.0 |
         Sewer |    837 |    837 |      0 |      0 |    657 |   1 |  837.0 |
        Bailey |    763 |    763 |      0 |    140 |    270 |   1 |  763.0 |
      Ice Cave |   1691 |   1691 |      0 |    851 |    384 |   1 | 1691.0 |
               +--------+--------+--------+--------+--------+-----+--------+

Top non-repeatable levels by time:
  Lair:5: 1971 daAuts
     D:5: 1963 daAuts
   IceCv: 1691 daAuts
    D:11: 1588 daAuts
  Lair:1: 1528 daAuts
    D:13: 1484 daAuts
     D:9: 1316 daAuts
  Lair:2: 1304 daAuts
  Lair:3: 1216 daAuts
    D:12: 1093 daAuts
 Swamp:4: 1091 daAuts
     D:4: 1062 daAuts
    D:10: 982 daAuts
     D:6: 971 daAuts
 Swamp:3: 966 daAuts
